 Dungeon Crawl Stone Soup version 0.24.1-14-gf8d2b509d9 (webtiles) character file.

Game seed: 7392368554968242311, levelgen mode: deterministic

4127 mortelune the Transmogrifier (level 10, 0/68 HPs)
             Began as an Octopode Transmuter on May 19, 2020.
             Was an Initiate of Gozag.
             Slain by Psyche
             ... wielding a +4 dagger of chaos
              (5 damage)
             ... while paralysed by Psyche
             ... on level 9 of the Dungeon.
             The game lasted 00:43:40 (17967 turns).

mortelune the Transmogrifier (Octopode Transmuter) Turns: 17967, Time: 00:43:40

Health: 0/68       AC:  5    Str: 10    XL:     10   Next: 27%
Magic:  21/21      EV:  2    Int: 18    God:    Gozag
Gold:   398        SH:  0    Dex: 13    Spells: 9/21 levels left

rFire    x . .     SeeInvis .     - Unarmed
rCold    + . .     Gourm    .   q - +0 buckler
rNeg     . . .     Faith    .   (helmet restricted)
rPois    .         Spirit   .   (no amulet)
rElec    .         Reflect  .   j - ring of ice
rCorr    .         Harm     .   B - +4 ring of protection
MR       .....                  (no ring)
Stlth    ++........             (no ring)
HPRegen  0.21/turn              (no ring)
MPRegen  0.17/turn              (no ring)
                                (no ring)
                                (no ring)

@: paralysed, lethally poisoned (0 -> -1), lightly drained
A: almost no armour, stealthy swim, amphibious, 8 rings, constrict 8, antennae
1, camouflage 1, blink, high mp 1, gelatinous body 1
a: Blink, Potion Petition, Call Merchant, Bribe Branch, Renounce Religion


You were on level 9 of the Dungeon.
You worshipped Gozag.
Gozag was aware of your devotion.
You were very hungry.

You visited 1 branch of the dungeon, and saw 9 of its levels.

You collected 1134 gold pieces.
You spent 651 gold pieces at shops.
You paid 85 gold pieces to Gozag.

Inventory:

Missiles
 m - 87 arrows
 v - 4 silver javelins
 Q - 221 stones (quivered)
Armour
 q - a +0 buckler (worn)
Jewellery
 j - a ring of ice (left tentacle)
 A - an uncursed ring of see invisible {unknown}
 B - a +4 ring of protection (right tentacle)
Wands
 t - a wand of enslavement (3)
Scrolls
 d - a scroll of noise
 e - 2 scrolls of magic mapping
 f - 2 scrolls of fog
 g - 3 scrolls of fear
 h - 3 scrolls of remove curse {unknown}
 i - a scroll of identify
 l - 4 scrolls of teleportation
 o - 2 scrolls of amnesia
 p - a scroll of immolation
 x - a scroll of enchant weapon {unknown}
 z - a scroll of torment {unknown}
Potions
 a - 4 potions of flight
 b - a potion of berserk rage {unknown}
 k - 4 potions of lignification {unknown}
 n - 3 potions of mutation
 r - a potion of brilliance {unknown}
 s - a potion of haste
 u - 2 potions of magic
 w - a potion of ambrosia {unknown}
 y - 2 potions of curing
Comestibles
 c - 21 rations


   Skills:
 + Level 6.1(5.8) Fighting
 + Level 4.6(4.4) Dodging
 - Level 4.2(3.9) Shields
 * Level 6.4(6.1) Unarmed Combat
 + Level 6.4(6.1) Spellcasting
 + Level 8.0(7.6) Transmutations


You had 9 spell levels left.
You knew the following spells:

 Your Spells              Type           Power        Failure   Level  Hunger
a - Beastly Appendage     Tmut           ####..       1%          1    None
b - Sticks to Snakes      Tmut           ####....     1%          2    None
c - Spider Form           Tmut/Pois      ###.......   8%          3    ##.....
d - Ice Form              Ice/Tmut       ####....     24%         4    ####...
e - Throw Flame           Conj/Fire      #.....       19%         2    None

Your spell library contained the following spells:

 Spells                   Type           Power        Failure   Level  Hunger
 Corona                   Hex            #......      12%         1    None
 Flame Tongue             Conj/Fire      #....        12%         1    None
 Blade Hands              Tmut           ####......   14%         5    #####..
 Ensorcelled Hibernation  Hex/Ice        #.....       19%         2    None
 Slow                     Hex            #.......     19%         2    None
 Confuse                  Hex            #.......     34%         3    ##.....
 Conjure Flame            Conj/Fire      #.......     34%         3    ##.....
 Dazzling Spray           Conj/Hex       #.....       34%         3    ##.....
 Inner Flame              Hex/Fire       #.......     34%         3    ##.....
 Portal Projectile        Hex/Tloc       #.....       34%         3    ##.....
 Tukima's Dance           Hex            #.......     34%         3    ##.....
 Cause Fear               Hex            #.........   75%         4    ####...
 Leda's Liquefaction      Hex/Erth       #.........   75%         4    ####...
 Sticky Flame             Conj/Fire      #.......     75%         4    ####...
 Bolt of Magma            Conj/Fire/Erth #.........   97%         5    #####..
 Fireball                 Conj/Fire      #.........   97%         5    #####..
 Iskenderun's Battlesphe  Conj/Chrm      #.......     97%         5    #####..
 Venom Bolt               Conj/Pois      #.........   97%         5    #####..
 Iron Shot                Conj/Erth      #.........   100%        6    #######
 Orb of Destruction       Conj           #.........   100%        7    #######
 Spellforged Servitor     Conj/Summ      #.........   100%        7    #######


Dungeon Overview and Level Annotations

Branches:
Dungeon (9/15)             Temple (0/1) D:7
   Lair: D:8-11         Orc: D:9-12

Altars:
Cheibriados
Elyvilon
Gozag
Hepliaklqana
Kikubaaqudgha
Makhleb
Nemelex Xobeh
Okawaru
Ru
Sif Muna
Trog
Uskayaw
Xom
The Shining One

Shops:
D:4 =?:%=

Annotations:
D:9 Psyche


Innate Abilities, Weirdness & Mutations

You cannot wear most types of armour.
You are very stealthy in the water. (Stealth+)
You are amphibious.
You can wear up to eight rings at the same time.
You can use your tentacles to constrict eight enemies at once.
Your skin changes colour to match your surroundings (Stealth+).
Your rubbery body absorbs attacks. (AC +1, EV +1)
You have a pair of small antennae on your head.
You can translocate small distances at will.
You have an increased reservoir of magic. (+10% MP)


Message History

Psyche hits you with a +4 dagger of chaos. x2
Your transformation has ended.
Your +0 buckler unmelds from your body.
You feel sick.
Psyche hits you with a +4 dagger of chaos.
Psyche casts a spell at you. The puff of flame hits you.
The fire burns you terribly!
* * * LOW HITPOINT WARNING * * *
You feel sick.
Psyche says, "I'm a bad girl, but I can't do anything about it."
Psyche hits you but does no damage.
Psyche says, "Please, could you die a little faster?"
Psyche hits you with a +4 dagger of chaos.
* * * LOW HITPOINT WARNING * * *
Psyche hits you with a +4 dagger of chaos.
* * * LOW HITPOINT WARNING * * *
You shrug off the repeated paralysis!
You feel sick.
Psyche hits you with a +4 dagger of chaos.
You die...
Your body crumbles into a pile of gold.

#######.#
#..............#
........#
##########.#...###
....... #.#...[[.
....###### #.#
#.#>..[##
#..##...# #.#
#.#....#
#..##.#.###.#
#.#.#).#
#....Y){YW#.#
#...#..#
##.....$#@#.#
#..<#..#
#......#@#.#
#...#..#
#......#.#.###
#......#
#......#.....#
#.#.##.#
#......###.#.#
#.#....#
#......'...#.#
#.###..#
##.....#####.# #.#
#..# #.# #.# #..##
#.# #.# #....
#.####.# #.###


You could see Psyche, a yak and a hungry ghost.

Vanquished Creatures
  A hornet (D:8)
  A vampire (D:6)
  Grum (D:9)
  Edmund (D:6)
  2 water moccasins
  A black bear (D:9)
  An ice beast (D:6)
  A necrophage (D:4)
  2 sky beasts (D:9)
  3 ogres
  4 wolves
  A phantom (D:8)
  2 centaurs
  A bullfrog (D:9)
  2 scorpions
  11 killer bees
  2 bullfrog zombies
  2 crimson imps
  A centaur zombie (D:5)
  A centaur skeleton (D:5)
  5 hounds
  A jelly (D:7)
  6 orc priests
  5 orc wizards
  Terence (D:2)
  4 iguanas
  Natasha (thrice) (D:3)
  4 worker ants
  A hound zombie (D:6)
  Robin (D:2)
  3 gnolls
  9 adders
  A river rat (D:9)
  2 shadow imps
  4 oozes
  4 worms
  2 dart slugs
  5 leopard geckos
  46 orcs
  7 giant cockroaches
  17 hobgoblins
  14 jackals
  2 quokkas
  2 ball pythons (D:1)
  7 bats
  6 frilled lizards
  34 goblins
  7 kobolds
  8 rats
252 creatures vanquished.

Vanquished Creatures (collateral kills)
  An orc warrior (D:9)
  A worker ant (D:3)
  2 gnolls (D:5)
  An adder (D:2)
  4 orcs
  2 jackals (D:1)
11 creatures vanquished.

Grand Total: 263 creatures vanquished

Notes
Turn   | Place    | Note
-------+----------+-------------------------------------------
     0 | D:1      | mortelune the Octopode Transmuter began the quest for the
                  | Orb.
     0 | D:1      | Reached XP level 1. HP: 13/13 MP: 3/3
    57 | D:1      | Reached XP level 2. HP: 15/18 MP: 3/5
    67 | D:1      | Learned a level 2 spell: Sticks to Snakes
   580 | D:1      | Gained mutation: You can translocate small distances at
                  | will. [potion of mutation]
   580 | D:1      | Gained mutation: You have an increased reservoir of magic.
                  | (+10% MP) [potion of mutation]
   580 | D:1      | Gained mutation: You have a pair of small antennae on your
                  | head. [potion of mutation]
   728 | D:1      | Reached XP level 3. HP: 9/23 MP: 5/7
   733 | D:1      | Learned a level 3 spell: Spider Form
  1842 | D:2      | Found a sparkling altar of Nemelex Xobeh.
  2145 | D:2      | Reached XP level 4. HP: 18/28 MP: 4/8
  2599 | D:2      | Noticed Robin
  2621 | D:2      | Reached skill level 3 in Transmutations
  2739 | D:2      | Killed Robin
  3003 | D:2      | Noticed Terence
  3045 | D:2      | Killed Terence
  3045 | D:2      | Reached XP level 5. HP: 25/34 MP: 3/10
  3315 | D:2      | Found a white marble altar of Elyvilon.
  4655 | D:3      | Noticed Natasha
  4672 | D:2      | Reached skill level 1 in Shields
  4672 | D:2      | Reached XP level 6. HP: 26/39 MP: 7/12
  5009 | D:3      | Killed Natasha
  5210 | D:3      | Noticed Natasha
  5219 | D:3      | Killed Natasha
  5278 | D:3      | Noticed Natasha
  5285 | D:3      | Killed Natasha
  5285 | D:3      | Reached skill level 4 in Transmutations
  5534 | D:3      | HP: 2/41 [poisoned by a worker ant]
  5961 | D:4      | Found Saffuymyips's Magic Scroll Boutique.
  5965 | D:4      | Bought a scroll of fear for 49 gold pieces
  5965 | D:4      | Bought a scroll of teleportation for 42 gold pieces
  5965 | D:4      | Bought a scroll of fog for 28 gold pieces
  5965 | D:4      | Bought a scroll of identify for 28 gold pieces
  6146 | D:4      | Found Zikkauf's Book Shop.
  6412 | D:4      | Found Aru Utot's Food Boutique.
  6459 | D:4      | Noticed a necrophage
  6471 | D:4      | Killed a necrophage
  6471 | D:4      | Reached XP level 7. HP: 36/45 MP: 7/14
  6720 | D:4      | Noticed a +0 hand axe
  6720 | D:4      | Noticed a +0 dagger
  6724 | D:4      | Found a hide-covered altar of Uskayaw.
  6805 | D:4      | Found Tucetrei's Jewellery Emporium.
  7215 | D:4      | Found Juutevil's Jewellery Shoppe.
  7285 | D:5      | Entered Level 5 of the Dungeon
  8486 | D:5      | Found an opulent altar of Gozag.
  8951 | D:5      | Reached XP level 8. HP: 52/52 MP: 16/16
  9478 | D:5      | Became a worshipper of Gozag Ym Sagoz the Greedy
  9594 | D:6      | Found an ancient bone altar of Kikubaaqudgha.
  9922 | D:6      | Noticed Edmund
  9940 | D:6      | Killed Edmund
  9940 | D:6      | Reached skill level 5 in Transmutations
 10008 | D:6      | Found a hazy altar of Hepliaklqana.
 10009 | D:6      | Found a snail-covered altar of Cheibriados.
 10011 | D:6      | Found a sacrificial altar of Ru.
 10196 | D:6      | Reached skill level 5 in Spellcasting
 10662 | D:7      | Found a bloodstained altar of Trog.
 10708 | D:7      | Learned a level 4 spell: Ice Form
 11542 | D:7      | Noticed a vampire
 11599 | D:7      | Reached skill level 6 in Transmutations
 12135 | D:7      | Found a shimmering blue altar of Sif Muna.
 12188 | D:7      | Found a staircase to the Ecumenical Temple.
 12322 | D:7      | Reached XP level 9. HP: 59/59 MP: 16/18
 12584 | D:8      | Noticed a hornet
 12588 | D:8      | Paralysed by a hornet for 1 turns
 12600 | D:8      | Paralysed by a hornet for 3 turns
 13314 | D:9      | Noticed a troll
 13325 | D:9      | Reached skill level 5 in Fighting
 13455 | D:8      | Killed a hornet
 14089 | D:8      | Found a burning altar of Makhleb.
 14090 | D:8      | Found a shimmering altar of Xom.
 14752 | D:7      | Reached skill level 5 in Unarmed Combat
 14752 | D:7      | Reached skill level 7 in Transmutations
 15554 | D:4      | Bought a +4 ring of protection for 504 gold pieces
 16153 | D:8      | Learned a level 2 spell: Throw Flame
 16416 | D:9      | Noticed a death yak
 16497 | D:9      | Found an iron altar of Okawaru.
 16809 | D:9      | Reached XP level 10. HP: 68/68 MP: 11/21
 16985 | D:9      | Found a glowing golden altar of the Shining One.
 16995 | D:9      | Noticed Grum
 17497 | D:9      | Killed Grum
 17925 | D:9      | Noticed Psyche
 17943 | D:9      | Reached skill level 8 in Transmutations
 17951 | D:9      | Noticed a death yak
 17962 | D:9      | Paralysed by Psyche for 7 turns
 17967 | D:9      | Slain by Psyche

Levels and vault maps discovered:
D:1:      dpeg_arrival_tiny_d, layout_rooms, minmay_pentomino_t2
D:2:      layout_loops_ring, lemuel_round_altar, elyvilon_altar_3, uniq_terence,
          uniq_robin
D:3:      layout_loops_corners, uniq_natasha
D:4:      layout_layer_cave, dancing_weapons_uskayaw, serial_shops,
          nicolae_shop_trees, shop, kennysheep_little_box,
          nicolae_shop_behind_doors, shop
D:5:      corexii_shantytown, layout_basic, grunt_gozag_breadcrumbs,
          first_ration, minmay_misc_feat_x
D:6:      layout_layer_cave, lemuel_crystal_altar, grunt_temple_overflow_open,
          uniq_edmund
D:7:      layout_basic, marbit_many_paths, nicolae_overflow_crystal_walls,
          minmay_temple_entry_mini_moons, grunt_ogre_cave
D:8:      layout_rooms, grunt_temple_overflow_champion_of_chaos,
          lemuel_coloured_pillars_altar
D:9:      layout_basic, yredelemnul_forgotten_temple_becter,
          okawaru_metal_pillars_3, lemuel_doored_altar, dpeg_lair_monsters,
          uniq_grum, uniq_psyche

Skill      XL: |  1  2  3  4  5  6  7  8  9 10 |
---------------+-------------------------------+-----
Transmutations | 3 4 6 7 8 |  8.0
Spellcasting   | 3 4 5 6 |  6.4
Fighting       | 2 3 4 5 6 |  6.1
Shields        | 1 2 3 4 |  4.2
Unarmed Combat | 4 5 6 |  6.4
Dodging        | 4 |  4.6

Action                   |  1- 3 |  4- 6 |  7- 9 | 10-12 || total
-------------------------+-------+-------+-------+-------++-------
Melee: Unarmed           |   101 |   180 |   538 |    51 ||   870
       Tentacles         |    11 |    14 |    20 |     2 ||    47
       Kick              |    20 |    13 |    10 |       ||    43
       Constrict         |    26 |    34 |    26 |     1 ||    87
       Punch             |     2 |     3 |     5 |       ||    10
Throw: Stone             |       |     4 |    21 |       ||    25
 Cast: Beastly Appendage |    17 |     8 |    12 |       ||    37
       Sticks to Snakes  |     3 |    11 |    27 |       ||    41
       Spider Form       |     1 |    12 |    43 |     2 ||    58
       Ice Form          |       |       |    12 |     5 ||    17
Invok: Potion Petition   |       |       |     1 |       ||     1
 Abil: Blink             |       |     1 |     4 |       ||     5
       End Transformatio |       |       |     2 |       ||     2
Evoke: Wand              |       |       |       |     1 ||     1
  Use: Potion            |     2 |     1 |     5 |       ||     8
       Scroll            |       |     5 |     9 |       ||    14
 Stab: Distracted        |       |     1 |     1 |       ||     2
       Sleeping          |       |     5 |     1 |       ||     6
  Eat: Chunk             |     4 |    12 |    12 |       ||    28
       Ration            |       |     1 |     8 |     1 ||    10
Armor: Skin              |     5 |    16 |    58 |    19 ||    98
Dodge: Dodged            |    81 |   119 |   485 |    63 ||   748
Block: Buckler           |       |    10 |    35 |       ||    45
